 Dungeon Crawl Stone Soup version 0.31.0-11-ge490571c62 (webtiles) character file.

Game seed: 519523806196952676

2156 qw the Skirmisher (level 9, -2/44 HPs)
             Began as a Spriggan Hunter on Feb 4, 2024.
             Incinerated by a bombardier beetle (3 damage)
             ... with a burning spray
             ... on level 7 of the Dungeon.
             The game lasted 00:03:22 (5309 turns).

qw the Skirmisher (Spriggan Hunter)                 Turns: 5309, Time: 00:03:23

Health: -2/44      AC: 11    Str:  7    XL:     9   Next: 10%
Magic:  10/10      EV: 23    Int: 10    God:
Gold:   325        SH:  5    Dex: 23    Spells: 8/8 levels left

rFire   . . .        a - +1 shortbow
rCold   . . .        (shield currently unavailable)
rNeg    . . .        b - +2 acid dragon scales
rPois   .            (helmet restricted)
rElec   .            j - +2 cloak
rCorr   +            (gloves unavailable)
SInv    +            (boots unavailable)
Will    ++...        f - amulet of reflection
Stlth   +            (no ring)
HPRegen 0.27/turn    o - ring of willpower
MPRegen 0.12/turn

%: reflection
@: on fire, glowing, very quick
A: very small, no large weapons, unfitting armour, see invisible, speed 3
a: no special abilities


You were on level 7 of the Dungeon.
You visited 2 branches of the dungeon, and saw 8 of its levels.

You collected 492 gold pieces.
You spent 167 gold pieces at shops.


Innate Abilities, Weirdness & Mutations

You are very small and have problems with some larger weapons.
You are too small for most types of armour.
You have supernaturally acute eyesight. (SInv)
You cover ground extremely quickly. (Speed+++)


   Skills:
 - Level 3.5 Fighting
 + Level 9.9 Ranged Weapons
 - Level 1.1 Armour
 - Level 9.1 Dodging
 - Level 1.5 Stealth


You had 8 spell levels left.
You didn't know any spells.
Your spell library was empty.

Inventory:

Hand Weapons
 a - a +1 shortbow (weapon)
Armour
 b - +2 acid dragon scales (worn)
 j - a +2 cloak (worn)
Jewellery
 f - an amulet of reflection (around neck)
 i - a ring of resist corrosion
 o - a ring of willpower (right hand)
Wands
 h - a wand of flame (4)
 k - a wand of light (13)
 r - a wand of polymorph (11)
Scrolls
 l - 3 scrolls of teleportation
Potions
 d - 2 potions of might
 e - a potion of cancellation
 g - 4 potions of curing
 m - a potion of resistance {unknown}
 n - a potion of enlightenment
 p - a potion of mutation

Dungeon Overview and Level Annotations

Branches:
Dungeon (7/15)             Temple (1/1) D:6

Altars:
Ashenzari
Dithmenos
Elyvilon
Fedhas
Gozag
Hepliaklqana
Kikubaaqudgha
Makhleb
Qazlal
Ru
Sif Muna
Trog
Vehumet
Wu Jian
Zin
The Shining One

Shops:
D:1 !(*[=   D:2 [   D:5 =

Annotations:
D:5 3 runed translucent doors, qw's ghost, amateur SpHu; qw's ghost, novice DEHu; qw's ghost, novice SpHu


Message History

You are covered in liquid fire!
You shoot an arrow. The arrow closely misses the sky beast.
The arrow hits the bombardier beetle.
The bombardier beetle is heavily wounded.
The liquid fire burns you! The sky beast completely misses you.
The sky beast hits you but does no damage.
You shoot an arrow. The arrow hits the sky beast.
The sky beast is severely wounded.
The liquid fire burns you!
The bombardier beetle sprays incendiary fluid at you.
The burning spray hits the sky beast.
The sky beast hits you. The sky beast shocks you.
You shoot an arrow. The arrow hits the sky beast!
The sky beast is almost dead.
The liquid fire burns you!
The sky beast burns!
The sky beast dies!
The bombardier beetle waves its antennae.
You shoot an arrow. The arrow hits the bombardier beetle.
The bombardier beetle is almost dead.
The liquid fire burns you!
You shoot an arrow. The arrow hits the bombardier beetle!
You kill the bombardier beetle!
The liquid fire burns you!
You are on fire!
The liquid fire burns you!
You are on fire!
The liquid fire burns you!
You are on fire!
The liquid fire burns you!
You are on fire!
The liquid fire burns you!
You are on fire!
The liquid fire burns you!
You are on fire!
The liquid fire burns you!
You are on fire!
The liquid fire burns you!
You die...

#............ .
.#######............
....................
#.##........##......
#.#####..# ......
##. #....##......
..# #.#.......... ..
#.#..##...... . #.
#@#..# .....
...###.##)#..## ....
#......).#...# ...
#.#.....##.#.# .>
#.#......#.# .
.....###.#.#.#
...... #.....#
...... ###.### .....
#..#


There were no monsters in sight!

Vanquished Creatures
  Maggie (D:6)
  Duvessa (D:5)
  2 water moccasins
  2 ice beasts (D:6)
  2 ogres
  A phantom (D:5)
  A bullfrog (D:6)
  Blork the orc (D:4)
  5 scorpions
  Dowan (D:5)
  2 killer bees (D:5)
  A jelly (D:4)
  A bombardier beetle (D:7)
  A hound (D:6)
  A sleepcap (D:6)
  2 iguanas
  Terence (D:2)
  Natasha (D:3)
  Robin (D:4)
  3 gnolls (D:7)
  11 adders
  2 white imps (D:7)
  2 ufetubi (D:5)
  A dart slug (D:2)
  3 ribbon worms (D:2)
  10 orcs
  9 ball pythons
  3 endoplasms
  7 giant cockroaches
  11 hobgoblins
  7 jackals
  4 quokkas
  4 bats
  5 frilled lizards
  14 goblins
  8 kobolds
  3 rats
135 creatures vanquished.

Vanquished Creatures (others)
  A sky beast (D:7)
1 creature vanquished.

Grand Total: 136 creatures vanquished

Notes
Turn   | Place    | Note
-------+----------+-------------------------------------------
     0 | D:1      | qw the Spriggan Hunter began the quest for the Orb.
     0 | D:1      | Reached XP level 1. HP: 10/10 MP: 2/2
     0 | D:1      | 0 ||| qw: Version: 0.3-a-160-g6735b56
     0 | D:1      | 0 ||| qw: Game counter: 5920
     0 | D:1      | 0 ||| qw: Melee chars always use a shield: true
     0 | D:1      | 0 ||| qw: God list: Okawaru
     0 | D:1      | 0 ||| qw: Allow faded altars: false
     0 | D:1      | 0 ||| qw: Do Orc after clearing Dungeon:15 true
     0 | D:1      | 0 ||| qw: Do second Lair branch before Depths: true
     0 | D:1      | 0 ||| qw: Lair rune preference: random
     0 | D:1      | 0 ||| qw: Goals: Normal
     0 | D:1      | 0 ||| PLANNING D:1-11
    27 | D:1      | You fall into a shaft and drop 1 floor!
    41 | D:2      | Reached skill level 3 in Dodging
    60 | D:2      | Found Ceon's Antique Armour Boutique.
    86 | D:2      | Reached XP level 2. HP: 14/14 MP: 3/3
    92 | D:2      | 92 ||| SHOPLISTING glowing robe (92 gold, have 66).
   157 | D:2      | Noticed Terence
   163 | D:2      | Killed Terence
   164 | D:2      | Reached XP level 3. HP: 9/18 MP: 4/4
   382 | D:2      | Reached XP level 4. HP: 9/22 MP: 5/5
   443 | D:2      | 443 ||| DROPPING scroll of butterflies.
   504 | D:1      | Found Huogroca's Antique Weapon Shoppe.
   514 | D:1      | Found Zaiffono's General Store.
   517 | D:1      | 517 ||| SHOPLISTING +2 antimagic shortbow (210 gold, have
                  | 130).
   517 | D:1      | 517 ||| BUYING potion of curing (30 gold).
   517 | D:1      | Bought a potion of curing for 30 gold pieces
   517 | D:1      | 517 ||| BUYING wand of flame (4) (28 gold).
   517 | D:1      | Bought a wand of flame (4) for 28 gold pieces
   535 | D:1      | Found Budghohev's Armour Shop.
   538 | D:1      | 538 ||| BUYING +0 cloak (49 gold).
   538 | D:1      | Bought a +0 cloak for 49 gold pieces
   605 | D:1      | Found Gimav's Jewellery Shoppe.
   616 | D:1      | 616 ||| SHOPLISTING +6 ring of strength (432 gold, have
                  | 36).
   616 | D:1      | 616 ||| SHOPLISTING amulet of guardian spirit (360 gold,
                  | have 36).
   616 | D:1      | 616 ||| SHOPLISTING amulet of reflection (360 gold, have
                  | 36).
   616 | D:1      | 616 ||| SHOPLISTING ring of ice (300 gold, have 36).
   616 | D:1      | 616 ||| SHOPLISTING ring of positive energy (240 gold, have
                  | 36).
   616 | D:1      | 616 ||| SHOPLISTING ring of protection from cold (300 gold,
                  | have 36).
   616 | D:1      | 616 ||| SHOPLISTING ring of willpower (300 gold, have 36).
  1027 | D:1      | Found Bocescheoh's Distillery.
  1036 | D:1      | 1036 ||| BUYING 2 potions of curing (60 gold).
  1036 | D:1      | Bought 2 potions of curing for 60 gold pieces
  1036 | D:1      | 1036 ||| SHOPLISTING 2 potions of haste (200 gold, have 0).
  1036 | D:1      | 1036 ||| SHOPLISTING potion of curing (30 gold, have 0).
  1036 | D:1      | 1036 ||| SHOPLISTING potion of enlightenment (50 gold, have
                  | 0).
  1036 | D:1      | 1036 ||| SHOPLISTING potion of haste (100 gold, have 0).
  1036 | D:1      | 1036 ||| SHOPLISTING potion of heal wounds (50 gold, have
                  | 0).
  1036 | D:1      | 1036 ||| SHOPLISTING potion of might (40 gold, have 0).
  1078 | D:1      | 1078 ||| UPGRADING to +0 cloak.
  1083 | D:1      | 1083 ||| READING scroll labelled MEIGHA MACSU.
  1084 | D:1      | 1084 ||| READING 2 scrolls labelled ACLYWN MIADY.
  1084 | D:1      | 1084 ||| IDENTIFYING grey potion
  1085 | D:1      | 1085 ||| READING scroll of identify.
  1085 | D:1      | 1085 ||| IDENTIFYING blue potion
  1086 | D:1      | 1086 ||| READING scroll labelled TUYSAUM MIRPHU.
  1086 | D:1      | 1086 ||| ENCHANTING +0 shortbow.
  1087 | D:1      | 1087 ||| READING scroll labelled IROTWI FITO.
  1156 | D:2      | Found a burning altar of Makhleb.
  1644 | D:2      | 1644 ||| READING 2 scrolls of identify.
  1644 | D:2      | 1644 ||| IDENTIFYING fuming black potion
  1645 | D:2      | 1645 ||| READING scroll of identify.
  1645 | D:2      | 1645 ||| IDENTIFYING pink potion
  1646 | D:2      | 1646 ||| READING scroll labelled QOW XAOCAE.
  1646 | D:2      | 1646 ||| ENCHANTING +0 cloak.
  1647 | D:2      | 1647 ||| DROPPING potion of degeneration.
  1702 | D:3      | Found a shadowy altar of Dithmenos.
  2022 | D:3      | Noticed Natasha
  2027 | D:3      | Killed Natasha
  2028 | D:3      | Reached XP level 5. HP: 26/26 MP: 6/6
  2358 | D:3      | Found a faded altar of an unknown god.
  2362 | D:3      | 2362 ||| UPGRADING to amulet of reflection.
  2367 | D:3      | 2367 ||| DROPPING amulet of magic regeneration.
  2368 | D:3      | 2368 ||| DRINKING 2 inky potions.
  2369 | D:3      | 2369 ||| DROPPING potion of brilliance.
  2453 | D:4      | Reached skill level 6 in Ranged Weapons
  2453 | D:4      | 2453 ||| FLEEEEING.
  2454 | D:4      | 2454 ||| FLEEEEING.
  2456 | D:4      | 2456 ||| FLEEEEING.
  2457 | D:4      | 2457 ||| FLEEEEING.
  2458 | D:4      | 2458 ||| FLEEEEING.
  2459 | D:4      | 2459 ||| FLEEEEING.
  2460 | D:4      | 2460 ||| FLEEEEING.
  2462 | D:4      | 2462 ||| FLEEEEING.
  2463 | D:4      | 2463 ||| FLEEEEING.
  2464 | D:4      | 2464 ||| FLEEEEING.
  2465 | D:4      | 2465 ||| FLEEEEING.
  2467 | D:4      | 2467 ||| FLEEEEING.
  2469 | D:4      | 2469 ||| FLEEEEING.
  2470 | D:4      | 2470 ||| FLEEEEING.
  2472 | D:4      | 2472 ||| FLEEEEING.
  2473 | D:4      | 2473 ||| FLEEEEING.
  2474 | D:4      | 2474 ||| FLEEEEING.
  2475 | D:4      | 2475 ||| FLEEEEING.
  2551 | D:4      | Noticed Robin
  2569 | D:4      | Killed Robin
  2628 | D:4      | Reached XP level 6. HP: 30/30 MP: 7/7
  2981 | D:4      | Reached skill level 6 in Dodging
  3004 | D:4      | 3004 ||| READING scroll of enchant armour.
  3004 | D:4      | 3004 ||| ENCHANTING +1 cloak.
  3113 | D:4      | Noticed Blork the orc
  3121 | D:4      | 3121 ||| DRINKING potion of haste.
  3122 | D:4      | Killed Blork the orc
  3266 | D:4      | 3266 ||| UPGRADING to ring of resist corrosion.
  3267 | D:4      | 3267 ||| READING scroll of identify.
  3267 | D:4      | 3267 ||| IDENTIFYING fuming emerald potion
  3268 | D:4      | 3268 ||| READING scroll labelled ZEHANG RAHI.
  3289 | D:5      | Entered Level 5 of the Dungeon
  3413 | D:5      | Reached XP level 7. HP: 32/35 MP: 8/8
  3446 | D:5      | Found a bloodstained altar of Trog.
  3488 | D:5      | Found a runed translucent gate.
  3489 | D:5      | Found a runed translucent gate.
  3489 | D:5      | Found a runed translucent gate.
  3491 | D:5      | Noticed Dowan
  3492 | D:5      | Noticed Duvessa
  3493 | D:5      | 3493 ||| ZAPPING wand of mindburst (10) at 1,-3 (Duvessa;
                  | floor).
  3495 | D:5      | 3495 ||| ZAPPING wand of mindburst (9) at 1,-1 (Duvessa;
                  | floor).
  3496 | D:5      | 3496 ||| ZAPPING wand of mindburst (8) at 1,-1 (Duvessa;
                  | floor).
  3497 | D:5      | 3497 ||| ZAPPING wand of mindburst (7) at 1,0 (Duvessa;
                  | floor).
  3498 | D:5      | 3498 ||| ZAPPING wand of mindburst (6) at 1,0 (Duvessa;
                  | floor).
  3499 | D:5      | 3499 ||| ZAPPING wand of mindburst (5) at 1,0 (Duvessa;
                  | floor).
  3500 | D:5      | 3500 ||| ZAPPING wand of mindburst (4) at 1,0 (Duvessa;
                  | floor).
  3501 | D:5      | 3501 ||| ZAPPING wand of mindburst (3) at 1,0 (Duvessa;
                  | floor).
  3502 | D:5      | 3502 ||| ZAPPING wand of mindburst (2) at 1,0 (Duvessa;
                  | floor).
  3503 | D:5      | 3503 ||| ZAPPING wand of mindburst (1) at 1,0 (Duvessa;
                  | floor).
  3503 | D:5      | HP: 7/35 [poisoned by Duvessa]
  3504 | D:5      | 3504 ||| DRINKING potion of heal wounds.
  3505 | D:5      | 3505 ||| ZAPPING wand of light (4) at 0,1 (Duvessa; floor).
  3505 | D:5      | Killed Duvessa
  3507 | D:5      | 3507 ||| FLEEEEING.
  3508 | D:5      | 3508 ||| FLEEEEING.
  3509 | D:5      | 3509 ||| FLEEEEING.
  3510 | D:5      | 3510 ||| FLEEEEING.
  3511 | D:5      | 3511 ||| FLEEEEING.
  3512 | D:5      | 3512 ||| FLEEEEING.
  3513 | D:5      | 3513 ||| FLEEEEING.
  3586 | D:5      | Noticed qw's ghost (novice DEHu)
  3588 | D:5      | Noticed qw's ghost (amateur SpHu)
  3595 | D:5      | Killed Dowan
  3603 | D:5      | Noticed qw's ghost (novice SpHu)
  3611 | D:5      | Noticed qw's ghost (novice SpHu)
  3633 | D:5      | Found Ucafut's Jewellery Boutique.
  3644 | D:5      | 3644 ||| SHOPLISTING +4 ring of protection (432 gold, have
                  | 195).
  3644 | D:5      | 3644 ||| SHOPLISTING +5 ring of evasion (432 gold, have
                  | 195).
  3889 | D:5      | 3889 ||| RETREEEEATING.
  3891 | D:5      | 3891 ||| RETREEEEATING.
  3892 | D:5      | 3892 ||| RETREEEEATING.
  3893 | D:5      | 3893 ||| RETREEEEATING.
  3894 | D:5      | 3894 ||| RETREEEEATING.
  3895 | D:5      | 3895 ||| RETREEEEATING.
  3896 | D:5      | 3896 ||| RETREEEEATING.
  3898 | D:5      | 3898 ||| RETREEEEATING.
  3899 | D:5      | 3899 ||| RETREEEEATING.
  3900 | D:5      | 3900 ||| RETREEEEATING.
  3915 | D:5      | HP: 7/35 [killer bee (6)]
  3916 | D:5      | 3916 ||| READING scroll of teleportation.
  3920 | D:5      | HP: 3/35 [poisoned by a killer bee]
  3991 | D:5      | 3991 ||| FLEEEEING.
  3992 | D:5      | 3992 ||| FLEEEEING.
  3993 | D:5      | 3993 ||| FLEEEEING.
  3994 | D:5      | 3994 ||| FLEEEEING.
  3995 | D:5      | 3995 ||| FLEEEEING.
  3996 | D:5      | 3996 ||| FLEEEEING.
  4002 | D:5      | 4002 ||| FLEEEEING.
  4003 | D:5      | 4003 ||| FLEEEEING.
  4004 | D:5      | 4004 ||| FLEEEEING.
  4005 | D:5      | 4005 ||| FLEEEEING.
  4006 | D:5      | 4006 ||| FLEEEEING.
  4007 | D:5      | 4007 ||| FLEEEEING.
  4008 | D:5      | 4008 ||| FLEEEEING.
  4009 | D:5      | 4009 ||| FLEEEEING.
  4010 | D:5      | 4010 ||| FLEEEEING.
  4011 | D:5      | 4011 ||| FLEEEEING.
  4012 | D:5      | 4012 ||| FLEEEEING.
  4013 | D:5      | 4013 ||| FLEEEEING.
  4014 | D:5      | 4014 ||| STAIRDANCE
  4146 | D:5      | Found an ornate altar of the Wu Jian Council.
  4234 | D:6      | 4234 ||| STAIRDANCE
  4282 | D:6      | Reached XP level 8. HP: 39/39 MP: 9/9
  4488 | D:6      | Reached skill level 3 in Fighting
  4567 | D:6      | 4567 ||| UPGRADING to ring of willpower.
  4568 | D:6      | 4568 ||| READING 2 scrolls of identify.
  4568 | D:6      | 4568 ||| IDENTIFYING bubbling cyan potion
  4569 | D:6      | 4569 ||| READING scroll of identify.
  4569 | D:6      | 4569 ||| IDENTIFYING smoky cyan potion
  4570 | D:6      | 4570 ||| READING scroll labelled WURRIJ GEL.
  4676 | D:5      | Found a white marble altar of Elyvilon.
  4676 | D:5      | Found a glowing silver altar of Zin.
  4676 | D:5      | Found a hazy altar of Hepliaklqana.
  4730 | D:6      | Found a staircase to the Ecumenical Temple.
  4731 | D:6      | 4731 ||| PLANNING TEMPLE
  4731 | D:6      | 4731 ||| READING scroll labelled ZADWIM JEQYBRI.
  4731 | D:6      | Noticed Maggie
  4733 | D:6      | 4733 ||| ZAPPING wand of light (14) at -3,1 (Maggie;
                  | floor).
  4751 | D:6      | Killed Maggie
  4752 | D:6      | Reached skill level 9 in Ranged Weapons
  4849 | Temple   | Entered the Ecumenical Temple
  4850 | Temple   | 4850 ||| PLANNING D:1-11
  5132 | D:6      | 5132 ||| UPGRADING to +0 acid dragon scales.
  5142 | D:6      | 5142 ||| REMOVING ring of resist corrosion.
  5143 | D:6      | 5143 ||| DROPPING +0 robe.
  5144 | D:6      | 5144 ||| READING 2 scrolls of enchant armour.
  5144 | D:6      | 5144 ||| ENCHANTING +0 acid dragon scales.
  5145 | D:6      | 5145 ||| READING scroll of enchant armour.
  5145 | D:6      | 5145 ||| ENCHANTING +1 acid dragon scales.
  5216 | D:7      | Reached skill level 1 in Armour
  5243 | D:7      | 5243 ||| FLEEEEING.
  5244 | D:7      | 5244 ||| FLEEEEING.
  5245 | D:7      | 5245 ||| FLEEEEING.
  5247 | D:7      | 5247 ||| FLEEEEING.
  5273 | D:7      | Reached XP level 9. HP: 36/44 MP: 10/10
  5273 | D:7      | 5273 ||| RETREEEEATING.
  5293 | D:7      | Reached skill level 9 in Dodging
  5305 | D:7      | HP: 8/44 [burnt (5)]
  5307 | D:7      | HP: 3/44 [burnt (2)]
  5308 | D:7      | HP: 1/44 [burnt (2)]
  5309 | D:7      | Incinerated by a bombardier beetle

Levels and vault maps discovered:
D:1:      eino_arrival_tree_alley, layout_basic, serial_shops,
          nicolae_shop_behind_doors, shop, shop,
          nicolae_shop_tiny_real_fake_doors, nicolae_shop_crystal
D:2:      minmay_angry_zag, layout_basic, serial_shops, shop, basic_altar,
          serial_curves, eino_curves_01, eino_curves_02, uniq_terence
D:3:      layout_loops_ring, mainiacjoe_overflow_catwalk,
          dilly_ecumenical_altar_fadedgnrine, wad_floor_pattern_2,
          kennysheep_generic_room_15, uniq_natasha
D:4:      cheibrodos_helix_gallery, layout_basic, minmay_quantized, uniq_robin,
          uniq_blork_the_orc
D:5:      layout_cave_pools, nicolae_overflow_hidden_temple,
          nzn_wu_jian_council_hall, gammafunk_ghost_cemetery,
          minmay_shop_enchanted_jewellery, uniq_duvessa
D:6:      layout_loops_ring, minmay_temple_entry_water_ring, uniq_maggie
D:7:      layout_rooms, nemelex_xobeh_ov_fountains_minmay,
          regret_index_xom_buried_treasure
Temple:   hellmonk_temple_forest_ring

Skill      XL: |  1  2  3  4  5  6  7  8  9 |
---------------+----------------------------+-----
Dodging        | 3 5 6 8 9 |  9.1
Ranged Weapons | 5 6 7 8 9 |  9.9
Fighting       | 2 3 |  3.5
Armour         | 1 |  1.1
Stealth        | |  1.5

Action                     |  1- 3 |  4- 6 |  7- 9 || total
---------------------------+-------+-------+-------++-------
   Fire: Shortbow          |    80 |   189 |   226 ||   495
  Evoke: Wand              |       |       |    12 ||    12
    Use: Scroll            |       |    11 |     7 ||    18
         Potion            |       |     2 |     1 ||     3
 Armour: Robe              |    11 |    20 |    34 ||    65
         Acid dragon scale |       |       |    14 ||    14
  Dodge: Dodged            |    52 |    52 |   140 ||   244
  Block: Other             |       |    12 |    39 ||    51
         Reflection        |       |       |     1 ||     1

Table legend:
 A = Non-vault XP
 B = Vault XP
 C = Vault XP percentage of total XP
 D = Non-vault monster count
 E = Vault monster count
 F = Vault count percentage of total count
                 A         B        C        D         E       F
            +---------+---------+-------+---------+---------+-------
      Total |    2112 |     968 |  31.4 |     106 |      30 |  22.1
            +---------+---------+-------+---------+---------+-------
        D:1 |      36 |       0 |   0.0 |      22 |       0 |   0.0
        D:2 |      63 |      57 |  47.5 |      25 |       7 |  21.9
        D:3 |      38 |      49 |  56.3 |       9 |       2 |  18.2
        D:4 |      97 |     236 |  70.9 |      10 |      18 |  64.3
        D:5 |     476 |     211 |  30.7 |      14 |       2 |  12.5
        D:6 |     930 |     415 |  30.9 |      12 |       1 |   7.7
        D:7 |     472 |       0 |   0.0 |      14 |       0 |   0.0
            +---------+---------+-------+---------+---------+-------
